 Dungeon Crawl Stone Soup version 0.28.0 (console) character file.

Game seed: 6008595446387106625

128097 ryathie the Brawler (level 16, -2/165 HPs)
             Began as a Troll Hedge Wizard on Feb 15, 2022.
             Slain by an alligator (12 damage)
             ... on level 1 of the Shoals.
             The game lasted 00:55:00 (27363 turns).

ryathie the Brawler (Troll Hedge Wizard)           Turns: 27363, Time: 00:55:01

Health: -2/165     AC: 19    Str: 24    XL:     16   Next: 47%
Magic:  0/19       EV:  7    Int: 10    God:
Gold:   2021       SH: 11    Dex: 13    Spells: 15/21 levels left

rFire   + + .      SeeInvis .     - Unarmed
rCold   . . .      Faith    .   Y - +0 kite shield
rNeg    . . .      Spirit   +   b - +2 fire dragon scales
rPois   .          Reflect  .   I - +1 hat
rElec   .          Harm     .   K - +2 cloak
rCorr   .          Rampage  .   (gloves unavailable)
Will    +....                   (boots unavailable)
Stlth   ..........              Z - amulet of guardian spirit
HPRegen 1.17/turn               Q - ring of protection from cold
MPRegen 0.16/turn               d - ring of flight

@: flying, studying Short Blades
A: large, unfitting armour, claws 3, regeneration 1, shaggy fur 1, tough skin 1
a: no special abilities


You were on level 1 of the Shoals.
You visited 4 branches of the dungeon, and saw 24 of its levels.
You also visited: Sewer, Bailey, Gauntlet and Ice Cave.

You collected 3351 gold pieces.
You spent 1330 gold pieces at shops.

Inventory:

Hand Weapons
 W - a +3 scimitar of flaming
Missiles
 i - a curare-tipped dart (quivered)
 t - 51 poisoned darts
 y - 11 large rocks
Armour
 b - +2 fire dragon scales (worn)
 I - a +1 hat (worn)
 K - a +2 cloak (worn)
 Y - a +0 kite shield (worn)
Jewellery
 d - a ring of flight (right claw)
 F - a ring of protection from fire
 Q - a ring of protection from cold (left claw)
 T - the ring "Giaro" {Will+ Int+6 Dex+6}
   (You found it in an ice cave)

   [ring of intelligence]

   Int:       It affects your intelligence (+6).
   Dex:       It affects your dexterity (+6).
   Will:      It increases your willpower.
 V - a +4 ring of protection
 Z - an amulet of guardian spirit (around neck)
Wands
 c - a wand of charming (3)
 A - a wand of iceblast (3)
 H - a wand of flame (41)
 J - a wand of digging (8)
 O - a wand of acid (7)
 U - a wand of mindburst (12)
Scrolls
 a - 3 scrolls of blinking
 f - 5 scrolls of magic mapping
 h - 8 scrolls of vulnerability
 k - 15 scrolls of identify
 m - 9 scrolls of enchant armour
 n - 3 scrolls of holy word
 p - 2 scrolls of silence
 u - 7 scrolls of amnesia
 B - 3 scrolls of fear
 C - a scroll of summoning
 G - 11 scrolls of teleportation
 N - a scroll of torment
 R - a scroll of enchant weapon
 X - 5 scrolls of fog
Potions
 e - 5 potions of lignification
 g - 10 potions of curing
 j - 9 potions of magic
 l - 6 potions of ambrosia
 o - 2 potions of attraction
 q - 4 potions of cancellation
 r - 2 potions of might
 s - 4 potions of mutation
 v - 6 potions of invisibility
 w - 4 potions of brilliance
 x - 7 potions of heal wounds
 z - 4 potions of haste
 M - 2 potions of berserk rage
 S - a potion of flight
Miscellaneous
 D - a tin of tremorstones (inert)
 E - a box of beasts
 P - a phial of floods (inert)


   Skills:
 - Level 12.0 Fighting
 - Level 2.0 Throwing
 + Level 9.5 Armour
 - Level 1.5 Dodging
 - Level 1.0 Stealth
 - Level 10.0 Shields
 + Level 18.3 Unarmed Combat
 - Level 3.0 Spellcasting
 - Level 4.0 Conjurations
 - Level 0.6 Summonings
 - Level 3.0 Translocations
 - Level 4.0 Fire Magic
 - Level 5.0 Evocations


You had 15 spell levels left.
You knew the following spells:

 Your Spells              Type           Power      Damage    Failure   Level
a - Magic Dart            Conj           36%        1d4       26%         1
b - Conjure Flame         Conj/Fire      9%         6-21      58%         3
B - Blink                 Tloc           14%        N/A       50%         2

Your spell library contained the following spells:

 Spells                   Type           Power      Damage    Failure   Level
 Foxfire                  Conj/Fire      36%        2x1d5     26%         1
 Apportation              Tloc           14%        N/A       36%         1
 Shock                    Conj/Air       20%        1d4       50%         1
 Beastly Appendage        Tmut           2%         N/A       78%         1
 Freeze                   Ice            4%         1d3       78%         1
 Sandblast                Erth           2%         2d4       78%         1
 Slow                     Hex            4%         N/A       78%         1
 Call Imp                 Summ           2%         N/A       83%         2
 Inner Flame              Hex/Fire       5%         N/A       86%         3
 Stone Arrow              Conj/Erth      10%        3d7       86%         3
 Corpse Rot               Necr/Air       2%         N/A       89%         2
 Passwall                 Tmut/Erth      0%         N/A       89%         2
 Wereblood                Tmut           1%         N/A       89%         2
 Mephitic Cloud           Conj/Pois/Air  4%         N/A       93%         3
 Flame Wave               Conj/Fire      9%         2d5       94%         4
 Confusing Touch          Hex            1%         N/A       98%         3
 Frozen Ramparts          Ice            2%         1d2       98%         3
 Ozocubu's Armour         Ice            1%         N/A       98%         3
 Spider Form              Tmut/Pois      1%         N/A       98%         3
 Summon Guardian Golem    Hex/Summ       2%         N/A       98%         3
 Swiftness                Air            1%         N/A       98%         3
 Vampiric Draining        Necr           1%         2d6       98%         3
 Passage of Golubria      Tloc           7%         N/A       98%         4
 Hailstorm                Conj/Ice       5%         3d4       99%         4
 Airstrike                Air            0%         N/A       100%        4
 Cause Fear               Hex            0%         N/A       100%        4
 Dispel Undead            Necr           1%         3d6       100%        4
 Leda's Liquefaction      Hex/Erth       0%         N/A       100%        4
 Alistair's Intoxication  Tmut/Pois      0%         N/A       100%        5
 Borgnjor's Vile Clutch   Necr/Erth      0%         N/A       100%        5
 Lee's Rapid Deconstruct  Erth           0%         3d5*      100%        5
 Silence                  Hex/Air        0%         N/A       100%        5
 Summon Forest            Summ/Tloc      2%         N/A       100%        5
 Summon Mana Viper        Hex/Summ       2%         N/A       100%        5
 Death Channel            Necr           0%         N/A       100%        6
 Dispersal                Tloc           3%         N/A       100%        6
 Eringya's Noxious Bog    Tmut/Pois      0%         N/A       100%        6
 Statue Form              Tmut/Erth      0%         N/A       100%        6
 Summon Cactus Giant      Summ           1%         N/A       100%        6
 Malign Gateway           Summ/Tloc      2%         N/A       100%        7
 Monstrous Menagerie      Summ           1%         N/A       100%        7
 Orb of Destruction       Conj           4%         9d5       100%        7
 Ozocubu's Refrigeration  Ice            0%         4d5       100%        7
 Spellforged Servitor     Conj/Summ      3%         N/A       100%        7
 Summon Hydra             Summ           1%         N/A       100%        7
 Discord                  Hex            0%         N/A       100%        8
 Disjunction              Tloc           3%         N/A       100%        8
 Lehudib's Crystal Spear  Conj/Erth      2%         10d2      100%        8
 Summon Horrible Things   Summ           1%         N/A       100%        8


Dungeon Overview and Level Annotations

Branches:
Dungeon (15/15)            Temple (0/1) D:6            Lair (6/6) D:8
 Shoals (1/4) Lair:4       Spider (0/4) Lair:4        Slime (0/5) Lair:6
    Orc (2/2) D:11            Elf (0/3) Orc:2        Vaults (0/5) D:14
 Depths (0/4) D:15          Sewer (visited)          Bailey (visited)
  IceCv (visited)         Gauntlet (visited)

Altars:
Elyvilon
Fedhas
Gozag
Kikubaaqudgha
Makhleb
Ru
Sif Muna
Uskayaw
Vehumet
Wu Jian
Xom
Yredelemnul
The Shining One
Beogh
Jiyva

Shops:
D:10 *   Orc:1 ?   Orc:2 !*(:[

Portals:
Hell: Lair:6
Pandemonium: Orc:2

Annotations:
D:9 3 runed translucent doors, snaxamus's ghost, novice TrBe
D:15 Rupert
Lair:3 1 runed translucent door, Sadonosm's ghost, journeyman DgSk


Innate Abilities, Weirdness & Mutations

You are too large for most types of armour.
You have claws for hands.
Your natural rate of healing is unusually fast.
You are covered in fur. (AC +1)
You have tough skin. (AC +1)


Message History

The goliath frog is almost dead.
The alligator is heavily wounded.
The wave splashes down.
You hear an angry hiss.
The goliath frog hits you from afar.
You are splashed with acid!
The alligator bites you but does no damage.
You block the alligator's attack.
Aiming: Corrosive Bolt
Press: ? - help, Shift-Dir - straight line The bolt of acid misses the alligator.
The bolt of acid hits the goliath frog!
You kill the goliath frog!
The alligator bites you but does no damage.
The alligator tail-slaps you but does no damage.
The alligator bites you!
* * * LOW HITPOINT WARNING * * *
You block the alligator's attack. The alligator bites you!
* * * LOW HITPOINT WARNING * * *
The alligator tail-slaps you but does no damage.
Blink to where?
Press: ? - help, Dir - move target
As you read the scroll of blinking, it crumbles to dust.
Aiming: Iceblast
Press: ? - help, Shift-Dir - straight line, f - alligator
Aim: an alligator (moderately wounded, covering ground quickly)
The mass of ice explodes!
The iceblast engulfs the alligator!!
The alligator is severely wounded.
The alligator bites you!
* * * LOW HITPOINT WARNING * * *
The alligator tail-slaps you but does no damage.
Aiming: Iceblast
Press: ? - help, Shift-Dir - straight line, p - alligator The mass of ice explodes!
The iceblast engulfs the alligator.
The alligator is severely wounded.
The iceblast engulfs the alligator!
The alligator is heavily wounded.
The alligator bites you!
* * * LOW HITPOINT WARNING * * *
The alligator tail-slaps you but does no damage.
The alligator bites you!
You die...

#################################
≈≈≈≈≈≈≈≈≈≈≈≈≈≈≈≈≈≈≈≈≈≈≈≈≈≈≈≈≈≈≈≈≈
≈≈≈≈≈≈≈≈≈≈≈≈≈≈≈≈≈≈≈≈≈≈≈≈≈≈≈≈≈≈≈≈≈
≈≈≈≈≈≈≈≈≈≈≈≈≈≈≈≈@≈≈≈≈≈≈≈≈≈≈≈≈≈≈≈≈
≈≈≈≈≈≈≈≈≈≈≈≈≈≈≈tt≈≈≈≈≈≈≈≈≈≈≈≈≈≈≈≈
≈≈≈≈≈≈≈≈≈≈≈≈≈≈≈≈≈÷≈≈≈≈≈≈≈≈≈≈≈≈≈≈≈
.≈≈≈≈≈≈≈≈≈≈≈≈≈≈≈≈≈########≈#≈≈≈≈≈
...≈≈≈≈≈≈≈≈≈≈≈≈≈≈≈# ########≈≈≈
≈≈≈≈≈≈≈≈≈≈≈≈≈≈≈≈≈## ≈≈≈≈ #≈≈≈
≈≈≈≈≈≈≈).≈≈≈≈≈≈≈≈# ≈≈≈≈≈ ###≈
≈≈≈≈≈≈≈..≈≈≈≈≈≈≈###≈≈≈≈≈≈ ##≈
≈≈≈≈≈≈≈..≈≈≈≈≈≈†≈F≈≈≈≈≈≈≈ #≈≈


You could see 2 alligators.

Vanquished Creatures
  A golden dragon (IceCv)
  A reaper (Gauntlet)
  A minotaur (Gauntlet)
  An ettin (D:14)
  A green death (Gauntlet)
  2 vault guards (D:14)
  2 demonspawn (Orc:2)
  8 hydras
  5 ice dragons (IceCv)
  Erica (Lair:1)
  A catoblepas (Lair:6)
  2 merfolk avatars (Shoals:1)
  6 boulder beetles
  3 centaur warriors
  5 two-headed ogres
  3 tengu warriors
  12 death yaks
  8 orc high priests
  2 sixfirhies
  9 skeletal warriors
  3 sea snakes (Shoals:1)
  A deep troll (D:14)
  A goliath frog (Shoals:1)
  An orange crystal statue (IceCv)
  5 lindwurms
  4 harpies (Shoals:1)
  3 wizards
  2 deep elf pyromancers (D:15)
  8 ugly things
  5 orc knights
  7 orc sorcerers
  A wolf spider (D:15)
  3 cyclopes
  4 manticores
  2 necromancers
  A manticore (shapeshifter) (D:15)
  2 merfolk sirens (Shoals:1)
  Maurice (D:8)
  3 elephants (Lair:6)
  A torpor snail (Lair:2)
  4 gargoyles
  6 black mambas
  10 rime drakes
  A water nymph (Shoals:1)
  12 cane toads
  4 storm dragon simulacra (IceCv)
  A minotaur zombie (Gauntlet)
  2 orange demons (Lair:6)
  Psyche (D:8)
  12 komodo dragons
  A freezing wraith (D:15)
  2 hellwings
  3 ice devils
  2 efreet
  7 golden dragon simulacra (IceCv)
  5 trolls
  A merfolk (Shoals:1)
  A polar bear (Lair:2)
  A wind drake (Lair:4)
  A hornet (D:10)
  21 blink frogs
  10 dream sheep
  27 slime creatures
  A snapping turtle (Shoals:1)
  A jumping spider (Lair:4)
  A shadow (D:11)
  3 wyverns
  29 yaks
  2 wraiths (D:12)
  3 water elementals (Shoals:1)
  2 vampires (Bailey)
  20 humans (D:14)
  5 basilisks
  A steam dragon (D:5)
  A redback (Lair:4)
  A neqoxec (Orc:2)
  12 vampire mosquitoes
  2 wargs
  4 acid dragons
  4 hell hounds (Lair:6)
  16 water moccasins
  Duvessa (D:4)
  2 sky beasts
  A black bear (Lair:1)
  32 orc warriors
  12 necrophages
  5 ice dragon simulacra (IceCv)
  23 wolves
  5 ogres
  6 centaurs
  A phantom (D:4)
  6 kobold brigands
  A gnoll sergeant (D:10)
  3 scorpions
  12 bullfrogs
  A water moccasin zombie (D:5)
  2 wyvern zombies
  A wyvern skeleton (D:5)
  Dowan (D:4)
  A hornet simulacrum (D:15)
  4 killer bees (D:9)
  5 lindwurm simulacra (IceCv)
  7 vampire bats (Bailey)
  3 wights (D:9)
  4 howler monkeys (D:12)
  8 wolf zombies (Bailey)
  2 bullfrog zombies
  5 centaur zombies
  2 gnoll shamans
  26 orc priests
  4 hounds
  A jelly (D:5)
  Crazy Yiuf (D:5)
  2 bullfrog skeletons
  A human zombie (D:9)
  2 iguanas (D:4)
  5 hell rats
  28 orc wizards
  2 scorpion zombies
  3 killer bee zombies
  2 howler monkey zombies
  A mummy (D:9)
  17 gnolls
  5 adders
  15 orc zombies (Bailey)
  6 river rats (Sewer)
  A white imp (D:8)
  2 ufetubi (D:7)
  An adder skeleton (D:4)
  3 worms
  3 dart slugs
  85 orcs
  11 endoplasms
  7 giant cockroaches
  6 goblins
  8 hobgoblins
  2 jackals (D:3)
  27 kobolds
  A quokka (D:2)
  17 ball pythons
  4 bats
  7 frilled lizards
  2 giant cockroach zombies (D:3)
  20 rats
859 creatures vanquished.

Vanquished Creatures (collateral kills)
  A hydra (D:14)
  An orange demon (Lair:6)
  2 yaks (D:11)
4 creatures vanquished.

Vanquished Creatures (others)
  An ugly thing (D:11)
  32 fungi
  30 plants
63 creatures vanquished.

Grand Total: 926 creatures vanquished

Notes
Turn   | Place    | Note
-------+----------+-------------------------------------------
     0 | D:1      | ryathie the Troll Hedge Wizard began the quest for the Orb.
     0 | D:1      | Reached XP level 1. HP: 16/16 MP: 2/2
   103 | D:1      | Reached skill level 1 in Unarmed Combat
   105 | D:1      | Found a faded altar of an unknown god.
   196 | D:1      | Reached XP level 2. HP: 24/24 MP: 4/4
   258 | D:1      | Reached skill level 2 in Unarmed Combat
   793 | D:2      | Reached XP level 3. HP: 31/31 MP: 5/5
  1027 | D:2      | Reached skill level 3 in Unarmed Combat
  1595 | D:3      | Found a glowing drain.
  1623 | Sewer    | Entered a sewer
  1719 | Sewer    | Reached XP level 4. HP: 37/39 MP: 6/6
  1884 | Sewer    | Reached skill level 4 in Unarmed Combat
  1940 | Sewer    | Reached XP level 5. HP: 12/45 MP: 7/7
  2029 | Sewer    | Reached skill level 1 in Fighting
  2029 | Sewer    | Reached skill level 5 in Unarmed Combat
  2038 | Sewer    | Reached XP level 6. HP: 23/57 MP: 8/8
  2143 | Sewer    | Reached skill level 1 in Throwing
  2471 | D:3      | Identified the +8 broad axe of the Boar {holy, MP-9 Str+4
                  | Int+7}
  2538 | D:3      | Reached skill level 6 in Unarmed Combat
  2538 | D:3      | Reached XP level 7. HP: 60/66 MP: 9/9
  2580 | D:3      | Found a basalt altar of Yredelemnul.
  2953 | D:4      | Noticed Duvessa
  2964 | D:4      | Noticed Dowan
  3280 | D:4      | Reached skill level 1 in Evocations
  3380 | D:4      | Identified the +0 robe of the Grape {rPois rF++ Int+2
                  | Archmagi}
  3521 | D:5      | Entered Level 5 of the Dungeon
  3554 | D:5      | Found a shimmering altar of Xom.
  3650 | D:5      | Reached XP level 8. HP: 78/78 MP: 10/10
  3680 | D:5      | Reached skill level 7 in Unarmed Combat
  3917 | D:5      | Found a sacrificial altar of Ru.
  4020 | D:5      | Found a runed translucent door.
  4021 | D:5      | Noticed Crazy Yiuf
  4028 | D:5      | Killed Crazy Yiuf
  4147 | D:5      | Found a glowing golden altar of the Shining One.
  4150 | D:5      | Found an opulent altar of Gozag.
  4350 | D:6      | Found a shimmering blue altar of Sif Muna.
  4408 | D:6      | Found a staircase to the Ecumenical Temple.
  4497 | D:6      | Reached skill level 5 in Fighting
  4631 | D:6      | Found a radiant altar of Vehumet.
  4687 | D:6      | Reached skill level 8 in Unarmed Combat
  4709 | D:6      | Reached XP level 9. HP: 57/88 MP: 11/11
  4723 | D:6      | Found a white marble altar of Elyvilon.
  4776 | D:6      | Found a hide-covered altar of Uskayaw.
  5206 | D:4      | Killed Duvessa
  5225 | D:4      | Killed Dowan
  5672 | D:7      | Learned a level 3 spell: Conjure Flame
  5865 | D:7      | Reached skill level 1 in Conjurations
  6455 | D:7      | Reached skill level 1 in Fire Magic
  6523 | D:8      | Found a staircase to the Lair.
  6855 | D:8      | Found a blossoming altar of Fedhas.
  6910 | D:8      | Noticed Maurice
  6931 | D:8      | Killed Maurice
  6932 | D:8      | Reached skill level 9 in Unarmed Combat
  7087 | D:8      | Noticed Psyche
  7093 | D:8      | Killed Psyche
  7123 | D:9      | You are sucked into a shaft and drop 1 floor!
  7123 | D:10     | Entered Level 10 of the Dungeon
  7123 | D:10     | Noticed a troll
  7128 | D:10     | Killed a troll
  7129 | D:10     | Reached XP level 10. HP: 98/100 MP: 12/12
  7153 | D:10     | Found Gythre's General Store.
  7216 | D:10     | Bought a potion of resistance for 160 gold pieces
  7216 | D:10     | Bought a potion of haste for 160 gold pieces
  7216 | D:10     | Bought a potion of curing for 48 gold pieces
  7301 | D:9      | Found a flagged portal.
  7310 | D:9      | Identified the +1 spear "Ebbiukh" {venom, rN+ Int+2}
  7313 | Bailey   | Entered a bailey
  7579 | Bailey   | Noticed a gargoyle
  7600 | Bailey   | Killed a gargoyle
  7776 | Bailey   | Reached skill level 10 in Unarmed Combat
  8020 | D:9      | Found a runed translucent gate.
  8020 | D:9      | Found a runed translucent gate.
  8020 | D:9      | Found a runed translucent gate.
  8020 | D:9      | Noticed snaxamus's ghost (novice TrBe)
  8095 | D:9      | Found an ornate altar of the Wu Jian Council.
  8357 | D:9      | Found an ancient bone altar of Kikubaaqudgha.
  8375 | D:9      | Reached skill level 11 in Unarmed Combat
  8886 | D:9      | Found a viscous altar of Jiyva.
  9173 | D:10     | Reached XP level 11. HP: 104/109 MP: 13/13
  9265 | D:10     | Got Mettaoty's Grimoire of the Escort
  9798 | Lair:1   | Entered Level 1 of the Lair of Beasts
  9901 | Lair:1   | Noticed a four-headed hydra
  9988 | Lair:1   | Killed a four-headed hydra
 10045 | Lair:1   | Noticed a seven-headed hydra
 10057 | Lair:1   | Killed a seven-headed hydra
 10058 | Lair:1   | Reached skill level 12 in Unarmed Combat
 10145 | Lair:1   | Found a gate leading to a gauntlet.
 10154 | Gauntlet | Entered a Gauntlet
 10154 | Gauntlet | Noticed a reaper
 10154 | Gauntlet | Found a transporter.
 10163 | Gauntlet | Found a transporter.
 10180 | Gauntlet | Found a transporter.
 10184 | Gauntlet | Found a transporter.
 10205 | Gauntlet | Found a transporter.
 10218 | Gauntlet | Found a transporter.
 10221 | Gauntlet | Noticed a reaper
 10232 | Gauntlet | Found a transporter.
 10235 | Gauntlet | Noticed a green death
 10257 | Gauntlet | Found a transporter.
 10259 | Gauntlet | Found a transporter.
 10265 | Gauntlet | Found a transporter.
 10283 | Gauntlet | Noticed a death drake
 10298 | Gauntlet | Found a transporter.
 10298 | Gauntlet | Found a transporter.
 10494 | Gauntlet | Killed a reaper
 10521 | Gauntlet | Identified the amulet of Immorality {Reflect Harm SH+5}
 10585 | Gauntlet | Killed a green death
 10586 | Gauntlet | Reached skill level 13 in Unarmed Combat
 10618 | Gauntlet | Noticed a minotaur
 10640 | Gauntlet | Killed a minotaur
 10655 | Gauntlet | Identified the +2 robe of Light {rF+ Dex+2}
 10655 | Gauntlet | Identified the +2 scale mail of Shadows and Fog {rPois rF+
                  | Str+4}
 10869 | Lair:1   | Reached skill level 14 in Unarmed Combat
 11053 | Lair:1   | Noticed Erica
 11099 | Lair:1   | Killed Erica
 11152 | Lair:1   | Reached XP level 12. HP: 82/118 MP: 15/15
 11567 | Lair:2   | Learned a level 2 spell: Blink
 11616 | Lair:2   | Reached skill level 1 in Translocations
 11983 | Lair:2   | Noticed a four-headed hydra
 12011 | Lair:2   | Killed a four-headed hydra
 12226 | Lair:2   | Reached skill level 15 in Unarmed Combat
 12785 | Lair:3   | Noticed a four-headed hydra
 12905 | Lair:3   | Found a runed translucent door.
 12905 | Lair:3   | Noticed Sadonosm's ghost (journeyman DgSk)
 13113 | Lair:2   | Reached skill level 16 in Unarmed Combat
 13377 | Lair:3   | Killed a four-headed hydra
 13810 | Lair:4   | Reached skill level 1 in Armour
 13850 | Lair:4   | Noticed a death yak
 13851 | Lair:4   | Noticed a death yak
 13852 | Lair:4   | Noticed a death yak
 13867 | Lair:4   | Noticed a death yak
 13870 | Lair:4   | Killed a death yak
 13873 | Lair:4   | Noticed a death yak
 13886 | Lair:4   | Killed a death yak
 13887 | Lair:4   | Reached XP level 13. HP: 99/124 MP: 16/16
 13938 | Lair:4   | Reached skill level 17 in Unarmed Combat
 14040 | Lair:4   | Found a hole to the Spider Nest.
 14102 | Lair:4   | Found a staircase to the Shoals.
 14983 | Lair:5   | Reached skill level 5 in Armour
 15606 | Lair:6   | Entered Level 6 of the Lair of Beasts
 15606 | Lair:6   | Found a staircase to the Slime Pits.
 16306 | Lair:6   | Reached XP level 14. HP: 79/140 MP: 17/17
 17001 | Lair:6   | Reached skill level 10 in Fighting
 17322 | Lair:6   | Found a burning altar of Makhleb.
 17328 | Lair:6   | Found a gateway to Hell.
 17768 | D:11     | Found a staircase to the Orcish Mines.
 18417 | Orc:1    | Entered Level 1 of the Orcish Mines
 18801 | Orc:1    | Found Timulask's Magic Scroll Boutique.
 18814 | Orc:1    | Bought a scroll of teleportation for 48 gold pieces
 18814 | Orc:1    | Bought a scroll of torment for 120 gold pieces
 18899 | Orc:2    | Entered Level 2 of the Orcish Mines
 18921 | Orc:2    | Found a staircase to the Elven Halls.
 18985 | Orc:2    | Found Koefripa's Distillery.
 18999 | Orc:2    | Found Neasuph Vuer's General Store.
 19167 | Orc:2    | Bought a potion of heal wounds for 70 gold pieces
 19167 | Orc:2    | Bought a potion of heal wounds for 70 gold pieces
 19167 | Orc:2    | Bought a potion of heal wounds for 70 gold pieces
 19167 | Orc:2    | Bought a potion of curing for 42 gold pieces
 19678 | Orc:2    | Found Upnaexom's Book Shoppe.
 19678 | Orc:2    | Found Zokatous's Antique Weapon Emporium.
 19679 | Orc:2    | Found a one-way gate leading to the halls of Pandemonium.
 19756 | Orc:2    | Paralysed by an orc sorcerer for 7 turns
 20078 | Orc:2    | Found Osit's Antique Armour Shop.
 20086 | Orc:2    | Bought a kite shield for 162 gold pieces
 20432 | Orc:1    | Reached XP level 15. HP: 125/153 MP: 18/18
 20455 | Orc:1    | Reached skill level 1 in Shields
 20565 | Orc:2    | Bought a potion of might for 56 gold pieces
 20565 | Orc:2    | Bought a potion of invisibility for 112 gold pieces
 20565 | Orc:2    | Bought 2 potions of berserk rage for 140 gold pieces
 20567 | Orc:2    | Bought a potion of curing for 36 gold pieces
 20567 | Orc:2    | Bought a scroll of teleportation for 36 gold pieces
 22435 | D:13     | Found the +9 sword of Zonguldrok {reap}
 23124 | D:14     | Reached skill level 5 in Shields
 23190 | D:14     | Identified the +3 quarterstaff of the Hidden Queens {flame,
                  | Int+4 Dex+4}
 23368 | D:14     | Reached skill level 18 in Unarmed Combat
 23449 | D:14     | Identified the +7 war axe "Nicverch" {pain, Str+5 Stlth-}
 23721 | D:14     | Reached skill level 5 in Evocations
 24033 | D:14     | Found a gate to the Vaults.
 24124 | D:15     | Entered Level 15 of the Dungeon
 24463 | D:15     | Found a frozen archway.
 24498 | IceCv    | Entered an ice cave
 25208 | IceCv    | Noticed a golden dragon
 25243 | IceCv    | Killed a golden dragon
 25244 | IceCv    | Reached XP level 16. HP: 165/165 MP: 14/19
 25412 | IceCv    | Identified the ring "Giaro" {Will+ Int+6 Dex+6}
 25649 | D:15     | Identified the +9 halberd "Nekhopn" {drain, rC- Str+5
                  | Int+3}
 25895 | D:15     | Noticed Rupert
 25901 | D:15     | Paralysed by Rupert for 5 turns
 26314 | D:15     | Reached skill level 10 in Shields
 26358 | D:15     | Found a staircase to the Depths.
 26615 | Lair:4   | Identified the +8 rapier of Wuukuh {elec, rN+ Int+2}
 26618 | Shoals:1 | Entered Level 1 of the Shoals
 27363 | Shoals:1 | Slain by an alligator

Illustrated notes

Levels and vault maps discovered:
D:1:      saegor_arrival_simple_e, layout_basic,
          shapermc_ecumenical_altar_acropolis, chequers_serial_rivers_small_b
D:2:      layout_loops_ring, kennysheep_generic_room_16
D:3:      layout_loops_cross, nicolae_yredelemnul_corpse_copse,
          cheibrodos_sewer_entry_bend, grunt_ministairs_10, minmay_cupped
D:4:      layout_rooms, minmay_starry_boxes, uniq_duvessa
D:5:      layout_loops_ring, general_overflow_altar,
          nicolae_overflow_hidden_temple, minmay_splitting_lines,
          uniq_crazy_yiuf_cottage
D:6:      layout_loops_ring, lemuel_round_altar,
          mainiacjoe_overflow_tiny_flanked, elyvilon_altar_3,
          vehumet_altar_wand_db, minmay_temple_entry_glass
D:7:      layout_basic, minmay_stone_trees_large
D:8:      layout_basic, fedhas_ov_isle_minmay, lair_entry_dummy,
          kennysheep_generic_room_14, uniq_psyche, uniq_maurice
D:9:      layout_loops_ring, mainiacjoe_overflow_cross_hatched,
          lemuel_mausoleum_altar_kikubaaqudgha, gammafunk_ghost_ooze,
          enter_bailey_2
D:10:     layout_basic, serial_shops, shop_fountains
D:11:     layout_cave_pods, orc_0_dummy, serial_column_ruins,
          column_ruins_square_small, column_ruins_square_small,
          column_ruins_columns_straight, column_ruins_open_small_water,
          column_ruins_columns_straight, column_ruins_open_small_water
D:12:     layout_stronghold
D:13:     layout_big_octagon, minmay_lindwurm_lava
D:14:     layout_irregular_city, grunt_vaults_entry_tiered, minmay_crystal_room
D:15:     hangedman_depths_entry_civil_slaughter, layout_cave_pods,
          portal_ice_cave_entry_pillars_three, minmay_shattered_shrine,
          uniq_rupert
Lair:1:   layout_loops_ring, gauntlet_entry_generic, uniq_erica
Lair:2:   layout_cave_shapes, grunt_megastairs_2, lemuel_fruit_tree
Lair:3:   layout_cave_shapes, ebering_ghost_reflecting_pool,
          chequers_serial_rivers_large_b
Lair:4:   layout_roguey, minmay_shoals_entry_beasts, spider_nest_entry_a,
          roderic_carrion_pond
Lair:5:   layout_cave_pods
Lair:6:   evil_forest, layout_small_grid, slime_dummy
Shoals:1: layout_shoals, nicolae_shoals_goliath_grotto
Orc:1:    layout_caves, serial_shops, nicolae_square_shop, kennysheep_orc_chapel
Orc:2:    pf_orc_diabolical, layout_caves, serial_shops, shop,
          guppyfry_library_mini

Skill      XL: |  1  2  3  4  5  6  7  8  9 10 11 12 13 14 15 16 |
---------------+-------------------------------------------------+-----
Unarmed Combat | 1 2 3 4 5 6 8 9 11 14 16 17 18 | 18.3
Fighting       | 1 2 3 5 6 7 9 11 12 | 12.0
Throwing       | 1 2 |  2.0
Evocations     | 1 3 4 5 |  5.0
Conjurations   | 2 3 4 |  4.0
Fire Magic     | 2 3 4 |  4.0
Spellcasting   | 3 |  3.0
Translocations | 3 |  3.0
Armour         | 2 6 9 |  9.5
Shields        | 8 10 | 10.0
Dodging        | |  1.5
Stealth        | |  1.0
Summonings     | |  0.6

Action                   |  1- 3 |  4- 6 |  7- 9 | 10-12 | 13-15 | 16-18 || total
-------------------------+-------+-------+-------+-------+-------+-------++-------
Melee: Dagger            |    23 |       |       |       |       |       ||    23
       Unarmed           |   123 |   164 |   332 |   692 |  1415 |   269 ||  2995
       Punch             |       |     3 |    14 |    53 |    88 |       ||   158
       Scimitar          |       |       |       |       |     5 |       ||     5
Throw: Dart              |       |       |    23 |    13 |       |     1 ||    37
       Throwing net      |       |       |       |     1 |       |       ||     1
 Cast: Conjure Flame     |       |       |       |     6 |     5 |       ||    11
       Blink             |       |       |       |     1 |     2 |       ||     3
Evoke: Wand              |       |       |     1 |    16 |    20 |     4 ||    41
       Tin of tremorston |       |       |       |       |     2 |     2 ||     4
       Box of beasts     |       |       |       |       |     1 |     1 ||     2
       Phial of floods   |       |       |       |       |     1 |     1 ||     2
  Use: Scroll            |     1 |       |       |    17 |    10 |     2 ||    30
       Potion            |       |     1 |       |    16 |     2 |     1 ||    20
 Stab: Sleeping          |     2 |     1 |     6 |       |       |       ||     9
       Distracted        |       |     1 |       |       |       |       ||     1
Armor: Robe              |    60 |    47 |    72 |     6 |       |       ||   185
       Acid dragon scale |       |       |       |   303 |   192 |    27 ||   522
       Fire dragon scale |       |       |       |       |   681 |   114 ||   795
Dodge: Dodged            |    74 |    79 |   132 |   280 |   386 |    80 ||  1031
Block: Kite shield       |       |       |       |       |   249 |   133 ||   382
